[Event "Titled Tuesday Blitz January 03 Late 2023"]
[White "Kleiman, Jake"]
[Black "Sanal, Vahap"]
[WhiteFideId "2020041"]
[BlackFideId "6300545"]
[WhiteElo "2399"]
[BlackElo "2600"]
[Result "0-1"]
[Round "04"]
[TimeControl "180+2"]
[Date "2023.01.03"]
[WhiteClock "0:00:02"]
[BlackClock "0:00:03"]

1. e4 c5 2. c3 e6 3. d4 cxd4 4. cxd4 d5 5. e5 Nc6 6. Nc3 Nge7 7. Nf3 Nf5 8. Bb5 a6 9. Bxc6+ bxc6 10. Na4 a5 11. O-O Ba6 12. Re1 Be7 13. Qc2 Bb5 14. Nc5 a4 15. Bd2 O-O 16. Bb4 Re8 17. Rac1 Qb6 18. Nd7 Qb7 19. Bxe7 Qxd7 20. Bc5 h6 21. Qd2 Bc4 22. a3 Reb8 23. Bb4 Qd8 24. Qf4 Rb7 25. Nd2 Bb5 26. Nf3 Rab8 27. Rc3 Bc4 28. Rec1 Rxb4 29. axb4 Rxb4 30. R1c2 Qb6 31. Qd2 Bb5 32. Rc5 Rb3 33. R2c3 Rb4 34. Rc2 Rb3 35. R2c3 Rxc3 36. Qxc3 Bc4 37. h3 g5 38. Nd2 Bb5 39. Nf1 Kg7 40. Ne3 Nh4 41. Ng4 Ng6 42. g3 Ne7 43. Nf6 Nf5 44. Ne8+ Kf8 45. Nf6 Kg7 46. Qb4 Qa6 47. Nd7 h5 48. Rxb5 Qxb5 49. Qf8+ Kg6 50. Qg8+ Ng7 51. Nf8+ Kf5 52. Qxf7+ Ke4 53. Qxg7 Qxb2 54. Nxe6 Kd3 55. Qxg5 a3 56. Qe3+ Kc4 57. Nc5 Qb1+ 58. Kg2 a2 59. Qe2+ Kc3 60. Na4+ Kb4 61. Qd2+ Kxa4 0-1


[Site "https://www.chess.com"]

[Event "Titled Tuesday Blitz January 03 Late 2023"]
[White "Omelja, Artem"]
[Black "Pichot, Alan"]
[WhiteFideId "14119846"]
[BlackFideId "110973"]
[WhiteElo "2446"]
[BlackElo "2638"]
[Result "0-1"]
[Round "04"]
[TimeControl "180+2"]
[Date "2023.01.03"]
[WhiteClock "0:00:01"]
[BlackClock "0:00:10"]

1. d4 Nf6 2. c4 g6 3. Nc3 Bg7 4. e4 d6 5. f3 O-O 6. Nge2 c6 7. Be3 a6 8. c5 b5 9. cxd6 exd6 10. Nf4 Nbd7 11. Bd3 Bb7 12. O-O Re8 13. Re1 c5 14. dxc5 dxc5 15. Bf1 Rc8 16. Qd2 Qa5 17. a4 b4 18. Ncd5 Nxd5 19. Nxd5 Ne5 20. Rec1 Bxd5 21. Qxd5 Red8 22. Qb7 Rc6 23. f4 Rc7 24. Qxa6 Qxa6 25. Bxa6 Ng4 26. Re1 Bxb2 0-1


[Site "https://www.chess.com"]

[Event "Titled Tuesday Blitz January 03 Late 2023"]
[White "Vasquez Schroeder, Rodrigo"]
[Black "Leenhouts, Koen"]
[WhiteFideId "3400042"]
[BlackFideId "1008439"]
[WhiteElo "2524"]
[BlackElo "2447"]
[Result "1-0"]
[Round "04"]
[TimeControl "180+2"]
[Date "2023.01.03"]
[WhiteClock "0:01:12"]
[BlackClock "0:00:02"]

1. e4 c5 2. Nf3 e6 3. d4 cxd4 4. Nxd4 Nc6 5. Nb5 d6 6. c4 Nf6 7. N1c3 a6 8. Na3 Be7 9. Be2 O-O 10. O-O b6 11. Be3 Bb7 12. Rc1 Rc8 13. Qd2 Ne5 14. f3 Qc7 15. Rfd1 Rfd8 16. Kh1 Ned7 17. Bf1 Qb8 18. Qf2 Bc6 19. Rc2 Re8 20. Rcd2 Kh8 21. Nc2 Rg8 22. Nb4 a5 23. Nxc6 Rxc6 24. Nb5 Nc5 25. Bf4 e5 26. Be3 Ne6 27. b3 Rgc8 28. g3 Nc5 29. Bh3 Rf8 30. Nc3 Qb7 31. Bg2 Rcc8 32. h3 Rfd8 33. Kh2 h6 34. Qe2 Ne6 35. Nb5 Qb8 36. h4 Ne8 37. Bh3 Rc6 38. Nc3 Nf6 39. Nd5 Qb7 40. Qf2 Nc5 41. Nc3 Ne8 42. f4 exf4 43. gxf4 Ra8 44. Bg2 a4 45. b4 Ne6 46. f5 Nf8 47. e5 Qc8 48. Nd5 Bd8 49. f6 dxe5 50. fxg7+ Nxg7 51. Qxf7 Re6 52. Qxf8+ 1-0


[Site "https://www.chess.com"]

[Event "Titled Tuesday Blitz January 03 Late 2023"]
[White "Boros, Denes"]
[Black "Egorov, Evgeny"]
[WhiteFideId "722340"]
[BlackFideId "13700421"]
[WhiteElo "2406"]
[BlackElo "2294"]
[Result "1-0"]
[Round "04"]
[TimeControl "180+2"]
[Date "2023.01.03"]
[WhiteClock "0:00:51"]
[BlackClock "0:00:15"]

1. d4 d5 2. Nc3 Bg4 3. f3 Bh5 4. Nh3 e5 5. dxe5 d4 6. Nf4 Bg6 7. Nxg6 hxg6 8. Ne4 Nc6 9. Qd3 Qd5 10. Bf4 O-O-O 11. Qb3 Qa5+ 12. Kf2 Nxe5 13. g3 Nf6 14. Ng5 Nh5 15. Bxe5 Qxe5 16. Nxf7 Qe3+ 17. Qxe3 dxe3+ 18. Kg2 Be7 19. Nxh8 Rxh8 20. f4 Rd8 21. Kf3 Rd2 22. Rc1 Bf6 23. Kxe3 Rd6 24. c3 Rb6 25. Rc2 Kd8 26. Bh3 Ke7 27. Rd1 g5 28. Rd7+ Kf8 29. Rxc7 gxf4+ 30. gxf4 Nxf4 31. Kxf4 1-0


[Site "https://www.chess.com"]

[Event "Titled Tuesday Blitz January 03 Late 2023"]
[White "Janaszak, Dawid"]
[Black "Kobalia, Mikhail"]
[WhiteFideId "1119206"]
[BlackFideId "4119150"]
[WhiteElo "2316"]
[BlackElo "2578"]
[Result "0-1"]
[Round "04"]
[TimeControl "180+2"]
[Date "2023.01.03"]
[WhiteClock "0:00:02"]
[BlackClock "0:00:03"]

1. e4 c5 2. Nc3 e6 3. d4 cxd4 4. Qxd4 Nc6 5. Qe3 a6 6. Bd2 b5 7. O-O-O Be7 8. f4 d6 9. Nf3 Qc7 10. Kb1 Nf6 11. Rg1 O-O 12. g4 b4 13. g5 Nd7 14. Ne2 Nc5 15. h4 a5 16. g6 fxg6 17. h5 a4 18. hxg6 h6 19. Ned4 Nxd4 20. Nxd4 Bd7 21. f5 b3 22. cxb3 axb3 23. a3 Ra4 24. Rc1 Qb7 25. fxe6 Bc6 26. Nxc6 Qxc6 27. e5 Re4 28. Qc3 Rxe5 29. Bg2 Qa6 30. Bf1 Qa8 31. Bg2 Qa4 32. Rgf1 Bf6 33. Qb4 Qxb4 34. Bxb4 Re2 35. Rxf6 Rxf6 36. Bd5 Kf8 37. Bxc5 dxc5 38. Bxb3 Rff2 39. Bc2 c4 40. a4 Ke7 41. a5 Rxe6 42. Rd1 Ree2 43. Rc1 Re5 0-1


[Site "https://www.chess.com"]

[Event "Titled Tuesday Blitz January 03 Late 2023"]
[White "Mahdavi, Reza"]
[Black "Yang, Kevin"]
[WhiteFideId "12595926"]
[BlackFideId "30908485"]
[WhiteElo "2339"]
[BlackElo "2096"]
[Result "1/2-1/2"]
[Round "04"]
[TimeControl "180+2"]
[Date "2023.01.03"]
[WhiteClock "0:01:08"]
[BlackClock "0:00:26"]

1. e4 e6 2. d4 a6 3. Nc3 d5 4. Bd3 dxe4 5. Nxe4 Nd7 6. Nf3 Ngf6 7. O-O Nxe4 8. Bxe4 Nf6 9. Qe2 Nxe4 10. Qxe4 h6 11. Re1 Bd6 12. Bf4 O-O 13. Rad1 Bd7 14. Bxd6 cxd6 15. Qxb7 Rb8 16. Qxa6 Rxb2 17. Qxd6 Rxa2 18. Rc1 Ba4 19. Qxd8 Rxd8 20. c4 Bc6 21. Ne5 Be8 22. d5 exd5 23. cxd5 Rxd5 24. Rc8 Rxe5 25. Rxe8+ Rxe8 26. Rxe8+ Kh7 27. g3 Kg6 28. Kg2 Kh7 29. Re7 Kg6 30. Rb7 f6 31. h3 h5 32. Rb3 Kh6 33. Kf3 Kg6 34. h4 Kh6 35. Ke3 Kg6 36. f3 Rg2 37. Kf4 Rc2 38. Rb4 Kh6 39. g4 hxg4 40. fxg4 Rc5 41. Kf3 Rc3+ 42. Ke4 Rh3 43. h5 Rg3 44. Kf4 Rg1 45. Rb8 Rf1+ 46. Kg3 g6 47. hxg6 Kxg6 48. Rg8+ Kf7 49. Ra8 Kg6 50. Kh4 Rh1+ 51. Kg3 Rb1 52. Ra4 Rc1 53. Kf4 Rf1+ 54. Kg3 Rg1+ 55. Kf2 Rc1 56. Rb4 Rc3 57. Rb5 Rd3 58. Ke2 Rg3 59. Rb4 Kg5 60. Kf2 Rxg4 61. Rb8 f5 62. Rg8+ Kf4 63. Rxg4+ Kxg4 64. Kg2 f4 65. Kf2 f3 66. Kf1 Kf5 67. Kf2 Ke4 68. Kf1 Ke3 69. Ke1 Kf4 70. Kf2 Kg4 1/2-1/2


[Site "https://www.chess.com"]

[Event "Titled Tuesday Blitz January 03 Late 2023"]
[White "Aggelis, Nikolaos"]
[Black "Bryakin, Mikhail"]
[WhiteFideId "4213220"]
[BlackFideId "4165314"]
[WhiteElo "2270"]
[BlackElo "2455"]
[Result "0-1"]
[Round "04"]
[TimeControl "180+2"]
[Date "2023.01.03"]
[WhiteClock "0:00:05"]
[BlackClock "0:01:05"]

1. e4 d5 2. exd5 Qxd5 3. Nc3 Qe5+ 4. Be2 Bg4 5. d4 Bxe2 6. Ngxe2 Qa5 7. O-O Nf6 8. Re1 Nc6 9. a3 O-O-O 10. Be3 Qh5 11. Ng3 Qxd1 12. Raxd1 e6 13. Nge4 Nd5 14. Nxd5 exd5 15. Ng5 Rd7 16. Bf4 h6 17. Nf3 f6 18. c3 g5 19. Bg3 Bd6 20. Re6 Rf8 21. Bxd6 Rxd6 22. Rxd6 cxd6 23. Re1 Kd7 24. Kf1 Na5 25. Nd2 h5 26. g3 Nc6 27. Re3 b5 28. Ke2 a5 29. Kd3 Rb8 30. b4 a4 31. Re1 Ne7 32. Nf3 Rc8 33. h4 g4 34. Nd2 Nf5 35. Nf1 Ng7 36. Ne3 f5 37. Nxd5 Kd8 38. Nf6 Rc7 39. Nxh5 Nxh5 40. Re6 Rd7 41. Rh6 Ng7 42. Rh7 Ne6 43. d5 Rxh7 0-1


[Site "https://www.chess.com"]

[Event "Titled Tuesday Blitz January 03 Late 2023"]
[White "Yuan, Qingyu"]
[Black "Krishnan, Varun"]
[WhiteFideId "8609772"]
[BlackFideId "5054508"]
[WhiteElo "2373"]
[BlackElo "2341"]
[Result "1-0"]
[Round "04"]
[TimeControl "180+2"]
[Date "2023.01.03"]
[WhiteClock "0:00:14"]
[BlackClock "0:00:04"]

1. e4 c5 2. Nf3 d6 3. Bb5+ Nd7 4. c3 Nf6 5. Qe2 g6 6. O-O Bg7 7. d4 O-O 8. e5 Nd5 9. e6 N7f6 10. exf7+ Rxf7 11. Ng5 Rf8 12. dxc5 dxc5 13. Rd1 Bg4 14. f3 h6 15. Ne4 Qb6 16. Bc4 Be6 17. Nxf6+ exf6 18. Bxd5 Bxd5 19. Rxd5 Rfe8 20. Qf2 Qa6 21. Rd1 Re2 22. Qf1 Rae8 23. Nd2 f5 24. Nb3 Qb6 25. Kh1 c4 26. Nd4 Bxd4 27. cxd4 Qb4 28. Bxh6 Qxb2 29. Rab1 Qxa2 30. Ra1 Qb2 31. Rac1 Rf2 32. Qxc4+ Kh7 33. Qf7+ Kxh6 34. Qxe8 Rxg2 35. Qh8+ Kg5 36. Rg1 Rxg1+ 37. Rxg1+ Kf4 38. Qe5+ Kxf3 39. Rg3+ Kf2 40. Qe3+ Kf1 41. Rg1# 1-0


[Site "https://www.chess.com"]

[Event "Titled Tuesday Blitz January 03 Late 2023"]
[White "Atanasov, Anthony"]
[Black "Nogerbek, Kazybek"]
[WhiteFideId "2623897"]
[BlackFideId "13710427"]
[WhiteElo "2368"]
[BlackElo "2474"]
[Result "1-0"]
[Round "04"]
[TimeControl "180+2"]
[Date "2023.01.03"]
[WhiteClock "0:01:02"]
[BlackClock "0:01:26"]

1. Nf3 d5 2. d4 Nf6 3. a3 Bf5 4. c4 e6 5. Qb3 Qc8 6. Nc3 c6 7. Nh4 Bg6 8. Nxg6 hxg6 9. Bf4 Nbd7 10. h3 Be7 11. e3 a6 12. Rc1 b5 13. cxb5 cxb5 14. Bd3 Qb7 15. O-O Rc8 16. a4 b4 17. a5 O-O 18. Na4 Ne4 19. Bxe4 dxe4 20. Rfd1 Nf6 21. Nb6 Rc6 22. Bg5 Qc7 23. Bf4 Qb7 24. Qa4 Rxc1 25. Rxc1 Nd5 26. Nxd5 Qxd5 27. Rc7 Bd8 28. Rc5 Qb7 29. Bd6 Be7 30. Rc7 Rc8 31. Rxb7 Rc1+ 32. Kh2 Bxd6+ 33. g3 Ra1 34. Qxa1 1-0


[Site "https://www.chess.com"]

[Event "Titled Tuesday Blitz January 03 Late 2023"]
[White "Rustemov, Alexander"]
[Black "Suder, Jakub"]
[WhiteFideId "4119002"]
[BlackFideId "1195310"]
[WhiteElo "2525"]
[BlackElo "2244"]
[Result "1/2-1/2"]
[Round "04"]
[TimeControl "180+2"]
[Date "2023.01.03"]
[WhiteClock "0:00:07"]
[BlackClock "0:00:07"]

1. d4 d5 2. c4 e6 3. Nc3 a6 4. cxd5 exd5 5. Nf3 Nf6 6. Bg5 Be6 7. e3 Nbd7 8. Qc2 Bd6 9. Bd3 c6 10. Bf4 Qb8 11. Bxd6 Qxd6 12. h3 O-O 13. O-O c5 14. dxc5 Nxc5 15. Nd4 Rac8 16. Qe2 Rfd8 17. Rfd1 Qb6 18. Rac1 h6 19. Bb1 Kf8 20. b3 Qa5 21. Qb2 Qb6 22. Nce2 Nce4 23. Nf4 Qd6 24. Bxe4 Nxe4 25. Rxc8 Rxc8 26. Rc1 Rxc1+ 27. Qxc1 Bd7 28. f3 Nf6 29. Kf2 g5 30. Nd3 h5 31. Qc5 Ke7 32. a4 b6 33. Qc3 h4 34. Ne2 a5 35. Qd4 Nh5 36. Qh8 Ng3 37. Qg7 Qf6 38. Qxf6+ Kxf6 39. Nxg3 hxg3+ 40. Kxg3 Be6 41. Nc1 Ke5 42. Ne2 Bd7 43. Nd4 f5 44. Kf2 f4 45. Ke2 Be8 46. Kd2 Bd7 47. Kd3 Be8 48. Ne2 Bd7 49. h4 Bf5+ 50. Kd2 fxe3+ 51. Kxe3 gxh4 52. Nd4 Bd7 53. f4+ Kd6 54. Nf3 h3 55. gxh3 Bxh3 56. Kd4 Bf5 57. Nd2 Bc2 58. Kc3 Bf5 59. Nf3 Kc5 60. Nd4 Bd7 61. Nc2 Bf5 62. Nd4 Bd7 63. Kd3 Bg4 64. Ke3 Kd6 65. Nc2 Bf5 66. Na3 Kc5 67. Nb5 Bd7 68. Nd4 Kd6 69. Kf3 Kc5 70. Ke3 Kd6 71. Kd2 Kc5 72. Kd3 Kd6 73. Ke3 Kc5 74. f5 Kd6 75. Kf4 Be8 76. f6 Bf7 77. Kf5 Kc5 78. Ne6+ Kb4 79. Ng5 Bh5 80. Ne6 Kxb3 81. Kg5 Bf7 82. Nd8 Be8 83. Kf5 d4 84. Ne6 d3 85. Nd4+ Kc3 86. Nf3 Kc2 87. Ke6 d2 88. Nxd2 Kxd2 89. Kd6 Bh5 90. Kc7 Kc3 91. Kxb6 Kb4 92. Kc6 Bf7 93. Kd6 Kxa4 94. Kc5 Bh5 95. Kc4 Ka3 96. Kc3 a4 97. Kc2 Bf7 98. Kb1 Kb3 99. Ka1 a3 100. Kb1 a2+ 101. Ka1 Ka3 1/2-1/2


[Site "https://www.chess.com"]

[Event "Titled Tuesday Blitz January 03 Late 2023"]
[White "Borges Feria, Yasel"]
[Black "Bayo Milagro, Alvaro"]
[WhiteFideId "3504921"]
[BlackFideId "22275240"]
[WhiteElo "2439"]
[BlackElo "2287"]
[Result "1-0"]
[Round "04"]
[TimeControl "180+2"]
[Date "2023.01.03"]
[WhiteClock "0:01:17"]
[BlackClock "0:01:00"]

1. e4 c6 2. Nc3 d5 3. Nf3 Bg4 4. h3 Bxf3 5. Qxf3 e6 6. d3 Nd7 7. g3 g6 8. Bg2 Bg7 9. O-O Ne7 10. Qe2 O-O 11. Kh2 b5 12. f4 b4 13. Nd1 a5 14. Ne3 a4 15. a3 b3 16. c3 f5 17. e5 Qb6 18. Bd2 Qa6 19. Rae1 Nc5 20. c4 Rfd8 21. Bb4 Qb6 22. d4 Ne4 23. Bxe7 Rd7 24. c5 Qa5 25. Bd6 Rf7 26. Bxe4 fxe4 27. Rf2 Bh6 28. Ref1 Qd8 29. Ng4 Bg7 30. Nf6+ Bxf6 31. exf6 Qxf6 32. Be5 Qd8 33. g4 Qh4 34. Qe3 Raf8 35. Qg3 Qd8 36. Bd6 Re8 37. Be5 Qa5 38. f5 exf5 39. gxf5 Ref8 40. Bd6 1-0


[Site "https://www.chess.com"]

[Event "Titled Tuesday Blitz January 03 Late 2023"]
[White "Erzhanov, Arman"]
[Black "Beerdsen, Thomas"]
[WhiteFideId "4138821"]
[BlackFideId "1030108"]
[WhiteElo "2228"]
[BlackElo "2507"]
[Result "1-0"]
[Round "04"]
[TimeControl "180+2"]
[Date "2023.01.03"]
[WhiteClock "0:00:24"]
[BlackClock "0:00:01"]

1. e4 e5 2. Nf3 Nc6 3. Bc4 Nf6 4. d4 exd4 5. e5 d5 6. Bb5 Nd7 7. O-O Be7 8. Bxc6 bxc6 9. Nxd4 Nb8 10. f4 O-O 11. Nc3 f6 12. e6 c5 13. Nf5 Bxe6 14. Nxd5 Bxf5 15. Nxe7+ Qxe7 16. Qd5+ Qe6 17. Qxa8 Nc6 18. Qb7 Nd4 19. Bd2 Be4 20. Qxc7 Ne2+ 21. Kf2 Qg4 22. Qxc5 Qxg2+ 23. Ke1 Re8 24. Be3 Bf3 25. Rf2 Qg1+ 26. Rf1 Qg2 27. Rf2 Qg1+ 28. Rf1 Qg4 29. Qc4+ Kh8 30. Qf7 Bc6 31. Rd1 Nxf4 32. Qxe8+ Bxe8 33. Rxf4 Qe6 34. Rd3 h5 35. c4 Bg6 36. Ra3 Qe5 37. Rd4 Qxh2 38. c5 Qh1+ 39. Kd2 Kh7 40. Rxa7 Qb1 41. Rdd7 Qxb2+ 42. Ke1 Qc3+ 43. Kf2 Qb2+ 44. Kf3 Be8 45. Rxg7+ Kh8 46. Rh7+ Kg8 47. Rag7+ Kf8 48. Rc7 Bc6+ 49. Rxc6 Kg8 50. Re7 Qb8 51. Rxf6 Qd8 52. Rfe6 Qd5+ 53. Kf4 h4 54. c6 h3 55. c7 Qc4+ 56. Kf5 h2 57. c8=Q+ Qxc8 58. Re8+ Qxe8 59. Rxe8+ Kh7 60. Bd4 h1=Q 61. Rh8# 1-0


[Site "https://www.chess.com"]

[Event "Titled Tuesday Blitz January 03 Late 2023"]
[White "Riehle, Marco"]
[Black "Sztokbant, Bernardo Vainzoff"]
[WhiteFideId "12904392"]
[BlackFideId "2115956"]
[WhiteElo "2368"]
[BlackElo "2213"]
[Result "1-0"]
[Round "04"]
[TimeControl "180+2"]
[Date "2023.01.03"]
[WhiteClock "0:01:28"]
[BlackClock "0:00:26"]

1. e4 c5 2. a3 d5 3. exd5 Qxd5 4. Nc3 Qd8 5. Nf3 Nc6 6. Bb5 Bd7 7. O-O Nf6 8. Re1 e6 9. d3 Be7 10. Bg5 O-O 11. Bxc6 Bxc6 12. Ne5 Rc8 13. Nxc6 Rxc6 14. Qf3 h6 15. Bh4 Re8 16. Rad1 Rc7 17. h3 Rd7 18. b3 Nd5 19. Bxe7 Rexe7 20. Ne4 b6 21. Qg3 Re8 22. d4 Nf6 23. Nxf6+ Qxf6 24. dxc5 Rxd1 25. Rxd1 bxc5 26. a4 Rd8 27. Rd3 Qa1+ 28. Kh2 Rxd3 29. Qxd3 Qe5+ 30. g3 g6 31. h4 h5 32. a5 Kg7 33. a6 Qd5 34. Qc3+ Qd4 35. Qxd4+ cxd4 36. b4 Kf6 37. b5 Ke7 38. b6 1-0


[Site "https://www.chess.com"]

[Event "Titled Tuesday Blitz January 03 Late 2023"]
[White "Dourerassou, Jonathan"]
[Black "Mendez Fortes, Eduardo Jesus"]
[WhiteFideId "628050"]
[BlackFideId "3502376"]
[WhiteElo "2414"]
[BlackElo "2250"]
[Result "0-1"]
[Round "04"]
[TimeControl "180+2"]
[Date "2023.01.03"]
[WhiteClock "0:00:27"]
[BlackClock "0:00:04"]

1. d4 Nf6 2. Bg5 d5 3. Bxf6 exf6 4. e3 c6 5. Nf3 Bd6 6. Nbd2 Bc7 7. g3 h5 8. h4 f5 9. Bg2 Nd7 10. c4 Nf6 11. cxd5 Nxd5 12. O-O O-O 13. Rc1 g6 14. a3 Re8 15. b4 Bd6 16. Nc4 Bf8 17. Nfe5 Be6 18. Na5 Rb8 19. Re1 Bg7 20. Nexc6 bxc6 21. Nxc6 Qd6 22. Nxb8 Rxb8 23. Qa4 Rb7 24. Qe8+ Kh7 25. Rc6 Qd7 26. Qxd7 Rxd7 27. Rec1 Bf8 28. Ra6 Nf6 29. Rc8 Be7 30. Ra8 Rc7 31. Rc6 Rd7 32. Bf3 Ne4 33. Ra6 Rc7 34. R8xa7 Rc1+ 35. Kg2 Bc4 36. Rb6 Bd8 37. Rb8 Bf6 38. Rbb7 Nd2 39. Rxf7+ Bxf7 40. Rxf7+ Bg7 41. Bd5 Kh6 42. Ra7 Rb1 43. Ra6 Ne4 44. Bf7 Rb2 45. Rxg6+ Kh7 46. Rc6 Rxf2+ 47. Kh3 Bf6 48. Bxh5 Kg7 49. Rc7+ Kg8 50. Bf7+ Kf8 51. Be6 Be7 52. b5 Rf3 53. Bd5 Rxg3+ 54. Kh2 Bd6 55. Rc8+ Ke7 56. Bxe4 Rg8+ 57. Kh3 Rxc8 58. Bc6 Rb8 59. a4 Bc7 60. Kg2 Kf6 61. Kf3 Rh8 62. e4 fxe4+ 63. Kxe4 Ke6 64. Bd5+ Kd6 65. Bf7 Rxh4+ 66. Kd3 Bb6 67. Kc4 Rxd4+ 68. Kb3 Kc5 69. Be8 Ba5 70. Bc6 Rd3+ 71. Kc2 Rc3+ 72. Kb2 Rc4 73. Kb3 Rb4+ 74. Ka3 Kb6 75. Bd7 Rd4 76. Bc6 Kc5 77. Kb3 Rd3+ 78. Kc2 Rc3+ 79. Kb2 Kb4 80. Bd7 Rc7 81. Be8 Rc8 82. Bd7 Rb8 83. Bc6 Kxa4 84. Kc2 Kb4 85. Kd3 Kc5 86. Ke4 Bb6 87. Ke5 Rd8 88. Ke6 Rd2 89. Ke7 Re2+ 90. Kd7 Ba5 91. Kc8 Rd2 92. Kb7 Bb6 93. Ka6 Rh2 94. Kb7 Rh7+ 95. Ka8 Ba5 96. Kb8 Kb6 97. Kc8 Bb4 98. Kd8 Rg7 99. Ke8 Re7+ 100. Kd8 Re5 101. Kd7 Bc5 102. Kd8 Re7 103. Kc8 Bd6 104. Kd8 Rf7 105. Ke8 Rg7 106. Kd8 Ba3 107. Ke8 Kc5 108. Kd8 Kd6 109. Kc8 Bc5 110. Kb8 Bb6 111. Ka8 Kc7 112. Be8 Rh7 113. Bf7 Rh8+ 114. Bg8 Rxg8# 0-1


[Site "https://www.chess.com"]

[Event "Titled Tuesday Blitz January 03 Late 2023"]
[White "Cristobal, Manuel"]
[Black "Goltseva, Ekaterina"]
[WhiteFideId "112879"]
[BlackFideId "24173770"]
[WhiteElo "2257"]
[BlackElo "2283"]
[Result "1-0"]
[Round "04"]
[TimeControl "180+2"]
[Date "2023.01.03"]
[WhiteClock "0:01:18"]
[BlackClock "0:00:03"]

1. d4 d5 2. Nf3 Nf6 3. e3 c5 4. Bd3 e6 5. O-O Bd6 6. b3 Nc6 7. Bb2 b6 8. Ne5 Bb7 9. Nd2 O-O 10. f4 Ne7 11. Rf3 Ne4 12. Rh3 f6 13. Nxe4 dxe4 14. Bc4 Bd5 15. Qh5 h6 16. Ng4 Qe8 17. Nxh6+ gxh6 18. Qxh6 Qg6 19. Rg3 Qxg3 20. hxg3 Rf7 21. dxc5 bxc5 22. Bxf6 Rh7 23. Qg5+ Kf7 24. Bxd5 Nxd5 25. Bd8 Rc8 26. c4 Rg7 27. Qh5+ Kg8 28. Bg5 Nxe3 29. Re1 Nf5 30. g4 Ng3 31. Qh6 Rf8 32. Qxe6+ Rgf7 33. Qxe4 Nxe4 34. Rxe4 Bxf4 35. Bxf4 Rxf4 36. Re5 Rf1+ 37. Kh2 R1f2 38. Rg5+ Kh7 39. Rxc5 Rxa2 40. b4 Rff2 41. Kg3 Rxg2+ 42. Kf4 Rgf2+ 43. Kg5 Rfb2 44. b5 Rc2 45. Rc7+ Kg8 46. Kf6 Rf2+ 47. Kg6 Rf4 48. Rc8+ Rf8 49. Rc7 Rg2 50. g5 Rd8 51. Rxa7 Rd6+ 52. Kf5 Rf2+ 53. Ke5 Rd3 54. b6 Rb3 55. c5 Re2+ 56. Kd6 Rd2+ 57. Kc7 Rc2 58. Kc6 Rbc3 59. Ra5 Rb3 60. b7 Rcb2 61. Ra8+ Kf7 62. Ra7 Kg6 63. Kc7 Kxg5 64. c6 Rb5 65. Ra8 Re2 66. b8=Q Re7+ 67. Kd6 Rxb8 68. Rxb8 Rf7 69. c7 1-0


[Site "https://www.chess.com"]

[Event "Titled Tuesday Blitz January 03 Late 2023"]
[White "Bilan, Danila"]
[Black "Fernandez Guillen, Ernesto J."]
[WhiteFideId "24161918"]
[BlackFideId "3512428"]
[WhiteElo "2303"]
[BlackElo "2477"]
[Result "0-1"]
[Round "04"]
[TimeControl "180+2"]
[Date "2023.01.03"]
[WhiteClock "0:00:03"]
[BlackClock "0:00:20"]

1. d4 Nf6 2. Nf3 g6 3. Bg5 d5 4. Nbd2 Bg7 5. e3 O-O 6. Bd3 b6 7. c3 Bb7 8. Qe2 Ne4 9. Bf4 Nd7 10. h4 h6 11. h5 g5 12. Bh2 f5 13. Ba6 Bxa6 14. Qxa6 c5 15. Qb7 e6 16. Qc6 Re8 17. Nxe4 fxe4 18. Nd2 cxd4 19. cxd4 Rc8 20. Qa4 Nf6 21. Be5 Re7 22. f3 exf3 23. gxf3 Nd7 24. f4 Bxe5 25. fxe5 Rf7 26. Ke2 Qe8 27. Qb3 a6 28. Qd3 Rf5 29. Raf1 Rxf1 30. Nxf1 b5 31. Nh2 Kg7 32. Ng4 Qf7 33. a3 Qf5 34. Nf2 Rc2+ 35. Ke1 Rxf2 36. Qc3 Rc2 0-1


[Site "https://www.chess.com"]

[Event "Titled Tuesday Blitz January 03 Late 2023"]
[White "Riff, Vincent"]
[Black "Aradhya, Garg"]
[WhiteFideId "617776"]
[BlackFideId "25006746"]
[WhiteElo "2383"]
[BlackElo "2284"]
[Result "0-1"]
[Round "04"]
[TimeControl "180+2"]
[Date "2023.01.03"]
[WhiteClock "0:00:21"]
[BlackClock "0:00:19"]

1. e4 e5 2. Nf3 Nc6 3. Bb5 a6 4. Ba4 Nf6 5. d3 Bc5 6. Be3 Bxe3 7. fxe3 d6 8. O-O O-O 9. Qe1 Ne7 10. Nh4 Ng6 11. Bb3 a5 12. a3 a4 13. Ba2 c6 14. Nd2 Nxe4 15. Nxg6 Nxd2 16. Nxf8 Nxf1 17. Qf2 Qxf8 18. Rxf1 d5 19. c4 Be6 20. cxd5 Bxd5 21. Bb1 Qd6 22. Qh4 Qh6 23. Qxh6 gxh6 24. Rf5 Re8 25. Rh5 Kg7 26. Rh4 b5 27. Rg4+ Kf6 28. Rh4 Kg5 29. g3 f5 30. Kf2 e4 31. d4 c5 32. dxc5 Rc8 33. Bc2 Rxc5 34. Bd1 Bb3 35. Be2 Rc2 36. Ke1 Bc4 37. Bd1 Rxb2 38. Rh5+ Kg6 39. g4 fxg4 40. Bxg4 b4 41. axb4 a3 42. Ra5 a2 43. Bf5+ Kf6 44. Bxe4 Rb1+ 45. Kd2 a1=Q 46. Rxa1 Rxa1 47. Kc3 Be6 48. b5 Ke5 49. Bc6 Rb1 0-1


[Site "https://www.chess.com"]

[Event "Titled Tuesday Blitz January 03 Late 2023"]
[White "Rozman, Levy"]
[Black "Aguilar, Juan"]
[WhiteFideId "2039877"]
[BlackFideId "3800091"]
[WhiteElo "2322"]
[BlackElo "2254"]
[Result "1-0"]
[Round "04"]
[TimeControl "180+2"]
[Date "2023.01.03"]
[WhiteClock "0:01:23"]
[BlackClock "0:00:41"]

1. d4 g6 2. Bg5 Bg7 3. c3 d6 4. Nd2 h6 5. Bh4 b6 6. e4 Bb7 7. Bd3 Nd7 8. a4 a6 9. Qe2 g5 10. Bg3 e6 11. h4 Ndf6 12. hxg5 hxg5 13. Rxh8 Bxh8 14. Nh3 g4 15. Ng5 Nh6 16. e5 Nd5 17. Nge4 Nf5 18. Qxg4 Kd7 19. exd6 cxd6 20. Nc4 Nf6 21. Nxf6+ Qxf6 22. Nxb6+ Ke7 23. Nxa8 Bxa8 24. Bxf5 exf5 25. Qh4 Bxg2 26. Kd2 1-0


[Site "https://www.chess.com"]

[Event "Titled Tuesday Blitz January 03 Late 2023"]
[White "Mei, Austin"]
[Black "Nasuta, Grzegorz"]
[WhiteFideId "30948479"]
[BlackFideId "1141686"]
[WhiteElo "2218"]
[BlackElo "2552"]
[Result "0-1"]
[Round "04"]
[TimeControl "180+2"]
[Date "2023.01.03"]
[WhiteClock "0:00:20"]
[BlackClock "0:00:09"]

1. e4 c5 2. Nf3 e6 3. d4 cxd4 4. Nxd4 a6 5. Bd3 Qc7 6. c4 Nc6 7. Nxc6 dxc6 8. Be3 e5 9. Nc3 Nf6 10. O-O Be7 11. Na4 O-O 12. h3 Be6 13. Qc2 Nd7 14. a3 Rac8 15. b4 b5 16. Nb2 Rfd8 17. c5 Nf8 18. Rfd1 Ng6 19. Bf1 Nf4 20. Nd3 Bf6 21. Ne1 h6 22. Kh2 Bd7 23. Rd6 Be7 24. Rd2 Ne6 25. Rad1 Nd4 26. Qb2 Be6 27. Kg1 Bg5 28. Bxg5 hxg5 29. Nc2 Bb3 30. Rxd4 Rxd4 31. Rxd4 exd4 32. Qxb3 Qe5 33. Qd3 Rd8 34. Be2 g6 35. Bf3 Kg7 36. g3 Kg8 37. Kg2 Kg7 38. Ne1 Qe6 39. Bg4 Qc4 40. Be2 Qc3 41. e5 Qxe1 42. Bf3 Qc3 43. Qd1 d3 44. Bxc6 d2 45. Bf3 Qxe5 46. c6 Qc3 47. Kg1 Qc1 48. Kg2 Qxd1 49. Bxd1 Rc8 50. Kf1 Rxc6 51. Ke2 Rc3 52. a4 Rc4 53. axb5 axb5 54. Kxd2 Rxb4 55. Be2 Rb2+ 56. Ke1 Kf6 57. Bd3 Ke5 58. h4 gxh4 59. gxh4 Kd4 60. Be2 Rxe2+ 61. Kxe2 Kc3 62. f4 b4 63. f5 b3 64. h5 gxh5 65. f6 b2 66. Ke3 b1=Q 67. Kf4 Qg6 68. Ke5 Qg5+ 69. Kd6 Qxf6+ 70. Kd7 Qe6+ 0-1


[Site "https://www.chess.com"]

[Event "Titled Tuesday Blitz January 03 Late 2023"]
[White "Sai Krishna G V"]
[Black "Kulkarni, Rakesh"]
[WhiteFideId "5028280"]
[BlackFideId "5037077"]
[WhiteElo "2384"]
[BlackElo "2321"]
[Result "1-0"]
[Round "04"]
[TimeControl "180+2"]
[Date "2023.01.03"]
[WhiteClock "0:00:11"]
[BlackClock "0:00:06"]

1. e4 c5 2. Nf3 e6 3. d4 cxd4 4. Nxd4 a6 5. Bd3 Nc6 6. Nxc6 dxc6 7. O-O e5 8. Nd2 Nf6 9. Nc4 Qc7 10. Bg5 Be6 11. Qf3 Be7 12. a4 h6 13. Bh4 O-O 14. a5 Rad8 15. Ne3 Rd4 16. Nf5 Bxf5 17. Qxf5 Qd7 18. Qxe5 Bd6 19. Qxd4 Bxh2+ 20. Kxh2 Qxd4 21. f3 Qxb2 22. Rab1 Qe5+ 23. Bg3 Qxa5 24. Rxb7 Nh5 25. Bd6 Rd8 26. Bc7 Qg5 27. Bxd8 Qxd8 28. Rfb1 Qh4+ 29. Kg1 g5 30. Bc4 Ng3 31. Rb8+ Kg7 32. R1b7 Kf6 33. Re8 Ne2+ 34. Bxe2 Qe1+ 35. Bf1 Qe3+ 36. Kh1 Qf4 37. Rf8 Qh4+ 38. Kg1 Ke5 39. Rfxf7 Kd4 40. Rbd7+ Ke3 41. Rd3# 1-0


[Site "https://www.chess.com"]